 Dungeon Crawl Stone Soup version 0.29.1-15-g9cfb28693d (webtiles) character file.

Game seed: 17810459496003500002

56 dobroeutro the Cudgeller (level 3, 0/23 HPs)
             Began as a Gargoyle Fighter on Apr 22, 2023.
             Slain by Sigmund
             ... wielding a +1 scythe of flaming
              (4 damage)
             ... on level 3 of the Dungeon.
             The game lasted 00:06:06 (2072 turns).

dobroeutro the Cudgeller (Gargoyle Fighter)         Turns: 2072, Time: 00:06:06

Health: 0/23       AC: 10    Str: 21    XL:     3   Next: 95%
Magic:  3/3        EV:  9    Int:  8    God:
Gold:   119        SH:  0    Dex:  9    Spells: 2/2 levels left

rFire   . . .      SeeInvis .   a - +0 flail
rCold   . . .      Faith    .   c - +0 buckler
rNeg    + . .      Spirit   .   b - +0 scale mail
rPois   ∞          Reflect  .   (no helmet)
rElec   +          Harm     .   (no cloak)
rCorr   .          Rampage  .   (no gloves)
Will    .....                   (no boots)
Stlth   ..........              (no amulet)
HPRegen 0.07/turn               (no ring)
MPRegen 0.08/turn               (no ring)

@: confused, mighty
A: sickness immunity, AC +3, negative energy resistance 1, electricity
resistance, torment resistance 1, petrification resistance
a: no special abilities


You were on level 3 of the Dungeon.
You visited 1 branch of the dungeon, and saw 3 of its levels.

You collected 119 gold pieces.

Inventory:

Hand Weapons
 a - a +0 flail (weapon)
Armour
 b - a +0 scale mail (worn)
 c - a +0 buckler (worn)
Jewellery
 j - a ring of willpower
Scrolls
 f - 3 scrolls of teleportation {unknown}
 g - 4 scrolls of identify {unknown}
 i - a scroll of fog {unknown}
 k - a scroll of magic mapping {unknown}
 l - a scroll of blinking {unknown}
 m - a scroll of enchant armour {unknown}
Potions
 d - 3 potions of might
 e - 3 potions of heal wounds {unknown}
 h - a potion of brilliance {unknown}


   Skills:
 - Level 3.2 Fighting
 + Level 4.1 Maces & Flails
 - Level 3.2 Armour
 - Level 3.2 Shields


You had 2 spell levels left.
You didn't know any spells.
Your spell library contained the following spells:

 Spells                   Type           Power      Damage    Failure   Level
 Shock                    Conj/Air       0%         1d3       83%         1
 Ignite Poison            Fire/Tmut/Pois 0%         N/A       99%         3
 Mephitic Cloud           Conj/Pois/Air  0%         N/A       99%         3
 Swiftness                Air            0%         N/A       99%         3
 Airstrike                Air            0%         2d(0-16)  100%        4
 Fireball                 Conj/Fire      0%         3d3       100%        5
 Freezing Cloud           Conj/Ice/Air   0%         6-21      100%        5
 Starburst                Conj/Fire      0%         6d3       100%        6
 Ignition                 Fire           0%         3d3       100%        8


Dungeon Overview and Level Annotations

Branches:
Dungeon (3/15)

Altars:

Annotations:
D:3 Sigmund


Innate Abilities, Weirdness & Mutations

You are immune to sickness and miasma.
Your stone body is resilient. (AC +3)
You are immune to poison.
You resist negative energy. (rN+)
You are resistant to electric shocks. (rElec)
You are resistant to unholy torment.
You are immune to petrification.


Message History

Partly explored, can't reach some places.
Partly explored, can't reach some places.
(D) Dungeon
Where to? (Enter - D:2, ? - help)
There is a stone staircase leading down here.
You climb downwards.
There is a stone staircase leading up here.
You now have 100 gold pieces (gained 13).
You now have 105 gold pieces (gained 5).
A bat comes into view.
Found 14 gold pieces.
A bat is nearby!
The bat barely misses you.
You sock the bat!
You kill the bat!
You now have 119 gold pieces (gained 14).
You see here 5 stones.
f - 3 scrolls labelled ZUDETZ JIAVU (gained 1)
g - 4 scrolls labelled ZUKYMEOPHE (gained 3)
Found a stone staircase leading down.
Sigmund the Dreaded comes into view.
He is wielding a +1 scythe of flaming and carrying a wand of light (8).
Sigmund shouts!
Sigmund says, "Don't worry, I'll kill you fast."
Sigmund is nearby!
Sigmund is nearby!
Press: ? - help, . - travel You can't see that place.
You feel very mighty all of a sudden. Sigmund casts a spell at you.
You are confused.
Sigmund gestures at you while chanting.
The magic dart hits you but does no damage.
Found a hand axe.
Found a stone staircase leading down.
Sigmund zaps a wand.
The bolt of light hits you!!
You are more confused.
Ouch! That really hurt!
* * * LOW HITPOINT WARNING * * *
Sigmund hits you with a +1 scythe of flaming.
You die...

............###.# #....
##...####.......# ####. #...#
####.##.##### #. #...#
.##..... ######. #...#
#.####..# #...... #...# #.
##..########.##### #...... #..
...#..........#
....###.###...##.##........#.#
..#..# .......@.##..##.#..#.#
.###.. ....>.@............#.#
. ..# .........##..##.#.##.# #
... ###...#.###..##.#.##.#
#.).#.# #..........# #...#.#
############ #>. ..# ### ###


You could see Sigmund.

Vanquished Creatures
  An adder (D:2)
  An orc (D:2)
  4 ball pythons
  4 endoplasms
  3 giant cockroaches (D:1)
  3 hobgoblins
  4 jackals (D:1)
  2 quokkas
  7 bats
  A goblin (D:1)
  4 kobolds
  5 rats (D:1)
39 creatures vanquished.

Notes
Turn   | Place    | Note
-------+----------+-------------------------------------------
     0 | D:1      | dobroeutro the Gargoyle Fighter began the quest for the
                  | Orb.
     0 | D:1      | Reached XP level 1. HP: 14/14 MP: 1/1
   131 | D:1      | Reached XP level 2. HP: 14/19 MP: 2/2
   384 | D:1      | Reached skill level 3 in Maces & Flails
   765 | D:1      | Reached XP level 3. HP: 18/23 MP: 3/3
  1008 | D:1      | Found a faded altar of an unknown god.
  1803 | D:2      | Reached skill level 4 in Maces & Flails
  2066 | D:3      | Noticed Sigmund
  2072 | D:3      | Slain by Sigmund

Illustrated notes

Levels and vault maps discovered:
D:1:      dpeg_arrival_pond, layout_basic, chequers_ecumenical_altar_twisty
D:2:      layout_basic, minmay_misc_feat_columns, uniq_crazy_yiuf_cottage
D:3:      layout_loops_cross, mainiacjoe_overflow_chevrons, uniq_sigmund,
          uniq_natasha

Skill      XL: |  1  2  3 |
---------------+----------+-----
Maces & Flails | 3 4 |  4.1
Fighting       | |  3.2
Armour         | |  3.2
Shields        | |  3.2

Action                   || total
-------------------------++-------
Melee: Flail             ||   117
  Use: Potion            ||     1
Armor: Scale mail        ||    84
Dodge: Dodged            ||    55
Block: Buckler           ||    18
